 Dungeon Crawl Stone Soup version 0.20.1-1-g8b1a95d (console) character file.

2115 hellbroner the Firebug (level 9, -3/62 HPs)
             Began as a Centaur Fire Elementalist on Aug 29, 2017.
             Was an Elder of Okawaru.
             Slain by a killer bee (5 damage)
             ... on level 7 of the Dungeon.
             The game lasted 00:26:02 (5315 turns).

hellbroner the Firebug (Centaur Fire Elementalist)  Turns: 5315, Time: 00:26:02

Health: -3/62      AC:  9    Str: 12    XL:     9   Next: 8%
Magic:  3/11       EV:  9    Int: 24    God:    Okawaru [****..]
Gold:   422        SH:  0    Dex:  9    Spells: 3/11 levels left

rFire    + . .     SeeInvis .   a - +2 quarterstaff (chaos)
rCold    + . .     Gourm    .   (shield currently unavailable)
rNeg     + . .     Faith    +   o - +0 robe
rPois    +         Spirit   .   y - +0 helmet
rElec    +         Reflect  .   M - +0 cloak
rCorr    +         Harm     .   A - +2 pair of gloves
MR       .....                  (no barding)
Stlth    +.........             x - amulet of faith
Regen    0.2/turn               (no ring)
MPRegen  0.2/turn               i - ring of positive energy

@: brilliant, lethally poisoned (-3 -> -5), resistant, glowing, very quick
A: hooves 3, clever 1, deformed body, speed 2, tough skin 3, wild magic 1,
MP-powered wands
a: Heroism, Renounce Religion


You were on level 7 of the Dungeon.
You worshipped Okawaru.
Okawaru was greatly pleased with you.
You were very hungry.

You visited 2 branches of the dungeon, and saw 8 of its levels.

You collected 422 gold pieces.

Inventory:

Hand Weapons
 a - a +2 quarterstaff of chaos (weapon)
 b - a +0 blowgun
Missiles
 j - 18 poisoned needles
 B - 6 tomahawks (quivered)
 J - 2 curare-tipped needles
Armour
 o - a +0 robe (worn)
 y - a +0 helmet (worn)
 A - a +2 pair of gloves (worn)
 M - a +0 cloak (worn)
Jewellery
 g - an uncursed ring of flight
 i - a ring of positive energy (right hand)
 k - an uncursed amulet of the gourmand
 l - an uncursed amulet of regeneration
 s - an uncursed ring of ice
 x - an amulet of faith (around neck)
Wands
 v - a wand of random effects (18/48)
 C - a wand of digging (0/24)
 D - a wand of iceblast (13/15)
 O - a wand of iceblast (9/15)
Scrolls
 e - a scroll of magic mapping {unknown}
 h - 5 scrolls of amnesia {unknown}
 p - 6 scrolls of remove curse
 r - 2 scrolls of teleportation {unknown}
 w - a scroll of enchant armour {unknown}
 F - 3 scrolls of random uselessness {unknown}
 G - 2 scrolls of noise {unknown}
 H - a scroll of enchant weapon {unknown}
Potions
 d - 2 potions of cancellation
 n - 2 potions of curing
 q - 2 potions of might
 t - 3 potions of flight
 I - a potion of brilliance
 K - a potion of berserk rage {unknown}
 N - a potion of heal wounds
Books
 L - a book of Flames

   Spells                             Type                      Level
   a - Flame Tongue                   Conjuration/Fire             1
   b - Throw Flame                    Conjuration/Fire             2
   c - Conjure Flame                  Conjuration/Fire             3
   d - Inner Flame                    Hexes/Fire                   3
   e - Sticky Flame                   Conjuration/Fire             4
   f - Fireball                       Conjuration/Fire             5
 P - a book of Maledictions

   Spells                             Type                      Level
   a - Corona                         Hexes                        1
   b - Ensorcelled Hibernation        Hexes/Ice                    2
   c - Confuse                        Hexes                        3
   d - Tukima's Dance                 Hexes                        3
   e - Dazzling Spray                 Conjuration/Hexes            3
Comestibles
 c - 10 bread rations
 f - 2 royal jellies
 z - 4 meat rations


   Skills:
 + Level 2.3 Throwing
 - Level 1.3 Dodging
 - Level 1.1 Stealth
   Level 2.5 Shields
 - Level 1.5 Spellcasting
 + Level 7.1 Conjurations
 + Level 7.7 Fire Magic


You had 3 spell levels left.
You knew the following spells:

 Your Spells              Type           Power        Failure   Level  Hunger
a - Flame Tongue          Conj/Fire      #####        1%          1    #......
b - Sticky Flame          Conj/Fire      ######..     1%          4    #####..
c - Conjure Flame         Conj/Fire      ######..     1%          3    ###....


Dungeon Overview and Level Annotations

Branches:
Dungeon (7/15)             Temple (1/1) D:5

Altars:
Ashenzari
Cheibriados
Dithmenos
Elyvilon
Fedhas
Gozag
Hepliaklqana
Kikubaaqudgha
Makhleb
Nemelex Xobeh
Okawaru
Qazlal
Ru
Sif Muna
Trog
Uskayaw
Vehumet
Xom
Yredelemnul
Zin
The Shining One

Annotations:
D:3 Sharkie's ghost, amateur TeSu
D:7 BilboMcMuggins's ghost, novice SpEn


Innate Abilities, Weirdness & Mutations

You have hooves in place of feet.
Armour fits poorly on your strangely shaped body.
You cover ground very quickly.
You have extremely tough skin. (AC +3)
Your mind is acute. (Int +2)
Your spells are a little harder to cast, but a little more powerful.
You expend magic power (3 MP) to strengthen your wands.


Message History

Something stings you but does no damage.
The crimson imp blinks!
Something stings you but does no damage.
It was a potion of resistance.
You feel protected.
* * * LOW HITPOINT WARNING * * *
You feel sick.
Something stings you but does no damage. x2
It was a potion of brilliance.
You feel clever all of a sudden.
* * * LOW HITPOINT WARNING * * *
You feel sick. Something stings you.
* * * LOW HITPOINT WARNING * * *
Something stings you.
* * * LOW HITPOINT WARNING * * *
You feel better. Something stings you.
* * * LOW HITPOINT WARNING * * *
You are lethally poisoned!
Something poisons you! Something stings you.
You die...

...# #....# ...##.# #....#
....#.# #...?# ##############
....#.# #....# #.............
....#.# #....# #.##....######
.ยง..#.# #....# #.##..........
....#.###....#######.##..>.......
.$..........Wyy{@...............>
#.##.#...####z######'###.........
#.#..<........W...#......##....##
#y#.$.#'#.........#...#####....##
#y#.....'.........'...+...'....'.
#y###.#.#.........#...#####....#.
#z###...#.........##### #.<..#.
#..z....#####+#############....#.
#z..##..# #.######...........#.


You could see 2 killer bees, a wight and BilboMcMuggins's ghost.

Vanquished Creatures
  Grinder (D:6)
  The ghost of CrudeOily the Covert, an amateur SpEn (D:4)
  Edmund (D:5)
  Duvessa (D:4)
  2 orc warriors (D:6)
  2 sky beasts
  An ice beast (D:6)
  2 ogres
  2 centaurs
  A bullfrog (D:7)
  Dowan (D:4)
  A killer bee (D:7)
  2 howler monkeys
  A crimson imp (D:6)
  A bullfrog skeleton (D:5)
  A jelly (D:5)
  A hound (D:6)
  An orc priest (D:4)
  Crazy Yiuf (D:6)
  3 orc wizards
  A worker ant (D:5)
  5 gnolls
  6 adders
  A shadow imp (D:7)
  An ooze (D:3)
  6 worms
  4 dart slugs
  4 leopard geckos
  24 orcs
  3 ball pythons
  4 giant cockroaches
  2 goblins
  6 hobgoblins
  4 jackals (D:5)
  2 quokkas
  5 bats
  4 frilled lizards
  A jackal skeleton (D:5)
  5 kobolds
  A leopard gecko zombie (D:5)
  A quokka skeleton (D:5)
  A quokka zombie (D:6)
  4 rats
122 creatures vanquished.

Vanquished Creatures (others)
  An orc (D:4)
1 creature vanquished.

Grand Total: 123 creatures vanquished

Notes
Turn   | Place    | Note
-------+----------+-------------------------------------------
     0 | D:1      | hellbroner the Centaur Fire Elementalist began the quest for the Orb.
     0 | D:1      | Reached XP level 1. HP: 14/14 MP: 3/3
    10 | D:1      | Reached skill level 1 in Conjurations
    61 | D:1      | Reached XP level 2. HP: 14/20 MP: 0/4
   519 | D:1      | Reached XP level 3. HP: 26/26 MP: 3/5
   694 | D:2      | Found an iron altar of Okawaru.
   760 | D:2      | Became a worshipper of Warmaster Okawaru
   981 | D:2      | Reached XP level 4. HP: 22/33 MP: 0/6
  1302 | D:3      | Noticed Sharkie's ghost (amateur TeSu)
  1344 | D:4      | Noticed an ogre
  1403 | D:4      | Killed an ogre
  1403 | D:4      | Reached * piety under Okawaru
  1403 | D:4      | Reached XP level 5. HP: 18/38 MP: 0/7
  1545 | D:4      | Noticed a centaur
  1553 | D:4      | Killed a centaur
  1607 | D:4      | Noticed Duvessa
  1674 | D:4      | Reached XP level 6. HP: 28/45 MP: 5/8
  1803 | D:4      | Noticed CrudeOily's ghost (amateur SpEn)
  1854 | D:4      | Killed CrudeOily's ghost
  1854 | D:4      | Reached skill level 5 in Fire Magic
  2014 | D:3      | Reached ** piety under Okawaru
  2375 | D:4      | Noticed Dowan
  2385 | D:4      | Learned a level 3 spell: Conjure Flame
  2390 | D:4      | Learned a level 4 spell: Sticky Flame
  2528 | D:4      | Killed Dowan
  2528 | D:4      | Reached XP level 7. HP: 49/50 MP: 4/9
  2546 | D:4      | Killed Duvessa
  2546 | D:4      | Reached skill level 5 in Conjurations
  2870 | D:5      | Entered Level 5 of the Dungeon
  3151 | D:5      | Found a blossoming altar of Fedhas.
  3155 | D:5      | Noticed Edmund
  3294 | D:5      | Reached *** piety under Okawaru
  3294 | D:5      | Reached XP level 8. HP: 45/57 MP: 2/10
  3408 | D:5      | Found a staircase to the Ecumenical Temple.
  3420 | Temple   | Entered the Ecumenical Temple
  3677 | D:5      | Killed Edmund
  3677 | D:5      | Reached skill level 1 in Shields
  3748 | D:5      | Gained mutation: You expend magic power (3 MP) to strengthen your wands. [potion of mutation]
  3748 | D:5      | Gained mutation: Your mind is acute. (Int +2) [potion of mutation]
  3748 | D:5      | Gained mutation: Your spells are a little harder to cast, but a little more powerful. [potion of mutation]
  3961 | D:6      | Found a runed door.
  4103 | D:6      | Noticed Crazy Yiuf
  4109 | D:6      | Killed Crazy Yiuf
  4624 | D:6      | Noticed Grinder
  4664 | D:6      | Killed Grinder
  4664 | D:6      | Reached **** piety under Okawaru
  4664 | D:6      | Reached skill level 1 in Throwing
  5099 | D:7      | Reached XP level 9. HP: 62/62 MP: 2/11
  5237 | D:7      | Noticed BilboMcMuggins's ghost (novice SpEn)
  5314 | D:7      | HP: 2/62 [something (3)]
  5315 | D:7      | Slain by a killer bee

Skill      XL: |  1  2  3  4  5  6  7  8  9 |
---------------+----------------------------+-----
Conjurations   | 1 2 3 4 5 7 |  7.1
Fire Magic     | 3 4 5 6 7 |  7.7
Shields        | 2 |  2.5
Throwing       | 1 2 |  2.3
Dodging        | |  1.3
Stealth        | |  1.1
Spellcasting   | |  1.5

Action                   |  1- 3 |  4- 6 |  7- 9 || total
-------------------------+-------+-------+-------++-------
Melee: Unarmed           |    15 |       |       ||    15
       Kick              |     5 |     6 |    19 ||    30
       Short sword       |    23 |    56 |    53 ||   132
       Flail             |       |       |    28 ||    28
       Quarterstaff      |       |       |    63 ||    63
 Cast: Flame Tongue      |    48 |    64 |    88 ||   200
       Sticky Flame      |       |     2 |    15 ||    17
       Conjure Flame     |       |       |     1 ||     1
Invok: Heroism           |       |     1 |       ||     1
Evoke: Wand              |       |       |     1 ||     1
  Use: Scroll            |       |     6 |     3 ||     9
       Potion            |       |     3 |     9 ||    12
 Stab: Sleeping          |     1 |       |       ||     1
  Eat: Chunk             |     1 |     6 |    11 ||    18
       Royal jelly       |       |       |     1 ||     1
Armor: Robe              |    12 |    20 |    78 ||   110
       Skin              |       |     9 |    24 ||    33
Dodge: Dodged            |    31 |    27 |    52 ||   110
